 Dungeon Crawl Stone Soup version 0.21.1-1-g345015f (webtiles) character file.

109 Fang the Skirmisher (level 4, 0/29 HPs)
             Began as a Gargoyle Berserker on May 15, 2018.
             Was a Believer of Trog.
             Slain by Grinder (1 damage)
             ... on level 3 of the Dungeon.
             The game lasted 00:01:42 (1945 turns).

Fang the Skirmisher (Gargoyle Berserker)            Turns: 1945, Time: 00:01:43

Health: 0/29       AC:  5    Str: 20 (22) XL:     4   Next: 89%
Magic:  4/4        EV: 12    Int: 10 (12) God:    Trog [**....]
Gold:   109        SH:  0    Dex:  8 (9)  Spells: 3/3 levels left

rFire    . . .     SeeInvis .   a - +0 hand axe
rCold    . . .     Gourm    .   (no shield)
rNeg     + . .     Faith    .   b - +0 animal skin
rPois    ∞         Spirit   .   (no helmet)
rElec    +         Reflect  .   (no cloak)
rCorr    .         Harm     .   (no gloves)
MR       .....                  (no boots)
Stlth    +.........             (no amulet)
HPRegen  0.09/turn              (no ring)
MPRegen  0.09/turn              (no ring)

@: brilliant, berserk cooldown, slowed, very slow
A: negative energy resistance 1, electricity resistance, unbreathing,
petrification resistance, rot immunity, AC +3
a: Berserk, Trog's Hand, Burn Spellbooks, Renounce Religion


You were on level 3 of the Dungeon.
You worshipped Trog.
Trog was pleased with you.
You were near starving.

You visited 1 branch of the dungeon, and saw 4 of its levels.

You collected 109 gold pieces.

Inventory:

Hand Weapons
 a - a +0 hand axe (weapon)
Armour
 b - a +0 animal skin (worn)
Wands
 p - a wand of flame (18)
Scrolls
 d - 4 scrolls of identify {unknown}
 e - a scroll of immolation {unknown}
 f - a scroll of remove curse {unknown}
 g - a scroll of enchant armour {unknown}
 k - 2 scrolls of random uselessness {unknown}
 m - 2 scrolls of teleportation {unknown}
Potions
 i - a potion of brilliance
 j - a potion of agility {unknown}
 l - a potion of haste {unknown}
 o - a potion of heal wounds {unknown}
 q - a potion of curing {unknown}
Books
 n - a book of Misfortune

   Spells                             Type                      Level
   a - Confusing Touch                Hexes                        1
   b - Confuse                        Hexes                        3
   c - Gell's Gravitas                Translocation                3
   d - Petrify                        Transmutation/Earth          4
   e - Metabolic Englaciation         Hexes/Ice                    5
   f - Yara's Violent Unravelling     Hexes/Transmutation          5
   Trog disapproves of the use of such an item.
Comestibles
 c - 6 rations


   Skills:
 + Level 4.2 Fighting
 + Level 3.6 Axes
 + Level 2.4 Armour
 + Level 2.5 Dodging
 + Level 0.3 Stealth


You had 3 spell levels left.
You didn't know any spells.

Dungeon Overview and Level Annotations

Branches:
Dungeon (4/15)
 Temple: D:4-7

Altars:

Annotations:
D:3 Grinder


Innate Abilities, Weirdness & Mutations

You are resistant to torment.
Your stone body is resilient. (AC +3)
You are immune to poison.
You resist negative energy. (rN+)
You are resistant to electric shocks. (rElec)
You can survive without breathing.
You are immune to petrification.
You are immune to rotting.


Message History

You climb downwards.
A frilled lizard comes into view.
The frilled lizard hisses angrily.
Found a club.
There is a stone staircase leading up here.
There are monsters nearby!
Grinder hits you but does no damage. Grinder hits you.
* * * LOW HITPOINT WARNING * * *
You writhe in agony.
* * * LOW HITPOINT WARNING * * *
You climb upwards.
There is a stone staircase leading down here.
It was a potion of degeneration.
There was something very wrong with that liquid.
You feel weakened.
You feel dopey.
You feel clumsy. Grinder barely misses you.
It was a potion of brilliance.
You feel clever all of a sudden. Grinder hits you.
You die...

########.#
#...#.#########.......
#.#
#...#.................
#.#
#...#.######.##...†..(
#.# #...#.#
#.##...(... #.#
#...#.# #.##...)...
#.###...#.#
#.##.......
#...(...+.#
#....######
#####...#+###########
#†)..@.......
#....5...####
###......# #......#
#......# #.....%#
#......# #?.....#


You could see Grinder.

Vanquished Creatures
  Jessica (D:3)
  3 adders
  An ooze (D:2)
  A worm (D:2)
  2 dart slugs
  2 leopard geckos
  An orc (D:3)
  4 bats
  2 giant cockroaches
  4 goblins
  7 hobgoblins
  A jackal (D:1)
  6 kobolds
  2 frilled lizards (D:1)
  7 rats
44 creatures vanquished.

Notes
Turn   | Place    | Note
-------+----------+-------------------------------------------
     0 | D:1      | Fang the Gargoyle Berserker began the quest for the Orb.
     0 | D:1      | Reached XP level 1. HP: 14/14 MP: 1/1
   117 | D:1      | Reached XP level 2. HP: 18/19 MP: 2/2
   735 | D:1      | Reached XP level 3. HP: 19/24 MP: 3/3
  1118 | D:2      | Reached ** piety under Trog
  1159 | D:2      | Reached skill level 4 in Fighting
  1562 | D:3      | Noticed Jessica
  1567 | D:3      | Reached XP level 4. HP: 20/29 MP: 4/4
  1574 | D:3      | Killed Jessica
  1924 | D:3      | Noticed Grinder
  1942 | D:4      | HP: 1/29 [Grinder (2)]
  1945 | D:3      | Slain by Grinder

Skill      XL: |  1  2  3 |
---------------+----------+-----
Axes           | 3 |  3.6
Dodging        | 2 |  2.5
Fighting       | 4 |  4.2
Armour         | |  2.4
Stealth        | |  0.3

Action                   |  1- 3 |  4- 6 || total
-------------------------+-------+-------++-------
Melee: Hand axe          |   111 |    27 ||   138
Invok: Berserk           |     2 |     1 ||     3
  Use: Potion            |       |     2 ||     2
  Eat: Chunk             |     2 |     2 ||     4
Armor: Animal skin       |    32 |    11 ||    43
Dodge: Dodged            |    69 |    18 ||    87
